Map: Romanticide LE

Players

uwuThermal (uThermal) - Winner!

  • Race: Terran Terran
  • Spawn Location: 11:00

SouLeer

  • Race: Zerg Zerg
  • League: Grandmaster
  • Spawn Location: 5:00

Event: DreamHack SC2 Masters 2020 Winter

VOD

Have the link to the VOD?

Description

Time

  • Played on: Oct. 30, 2020, 11:16 a.m.
  • Length: 14:40

All games in this series

Show
View Real Time Build Order
Export as new Build Order

uwuThermal Terran - Winner!

Build Orders: Liberator Opening, Reaper Expand 

Get SALT Encoding   

  12  0:00  SCV  
  13  0:12  SCV  
  14  0:17  Supply Depot  
  14  0:24  SCV  
  15  0:38  SCV  
  15  0:40  Barracks  
  16  0:43  Refinery  
  16  0:50  SCV  
  17  1:03  SCV  
  18  1:15  SCV  
  19  1:27  Reaper, Orbital Command  
  20  1:39  Command Center  
  20  1:48  Supply Depot  
  20  1:54  SCV  
  21  1:59  Marine  
  22  2:06  SCV  
  23  2:09  Factory  
  23  2:13  Refinery  
  23  2:18  SCV  
  23  2:20  Barracks Reactor  
  24  2:30  SCV  
  25  2:42  SCV  
  26  2:52  Orbital Command  
  26  2:54  SCV, Starport  
  27  3:04  Hellion  
  27  3:05  Hellion  
  31  3:06  SCV  
  32  3:16  Supply Depot  
  32  3:18  SCV  
  32  3:19  SCV  
  34  3:26  Hellion x2  
  38  3:31  SCV x2, Liberator  
  43  3:43  SCV x2  
  43  3:44  Supply Depot  
  43  3:47  Hellion x2  
  49  3:50  Barracks Tech Lab  
  49  3:55  SCV x2  
  51  4:07  Command Center  
  51  4:09  SCV x2  
  53  4:14  Supply Depot  
  53  4:15  Marine  
  54  4:17  Starport Reactor  
  54  4:19  Stimpack  
  54  4:21  SCV  
  54  4:23  SCV, Factory Tech Lab  
  56  4:33  SCV, Marine  
  56  4:36  SCV  
  59  4:39  Barracks  
  59  4:40  Barracks  
  59  4:45  SCV  
  59  4:48  SCV  
  59  4:51  Marine  
  61  4:53  Engineering Bay  
  61  4:54  Refinery  
  61  4:56  Engineering Bay  
  61  4:57  SCV  
  62  5:00  SCV, Siege Tank  
  62  5:04  Starport Reactor  
  66  5:09  Marine  
  66  5:10  SCV  
  68  5:17  SCV  
  68  5:21  Barracks  
  66  5:22  Orbital Command, Barracks  
  66  5:26  Terran Infantry Weapons Level 1, Marine, Terran Infantry Armor Level 1  
  66  5:27  Marine  
  68  5:30  SCV, Marine  
  68  5:34  Marine  
  68  5:35  Marine  
  72  5:37  Siege Tank  
  72  5:41  Refinery  
  76  5:42  SCV  
  76  5:43  SCV, Orbital Command  
  76  5:45  Supply Depot  
  76  5:49  Marine x3  
  79  5:53  Medivac  
  79  5:55  SCV, Medivac  
  85  6:05  Supply Depot  
  85  6:06  Marine x2  
  85  6:07  SCV, Marine  
  85  6:08  Supply Depot  
  85  6:09  SCV, Marine  
  93  6:11  SCV  
  93  6:16  Supply Depot  
  93  6:18  Barracks Reactor x2, Combat Shield  
  92  6:23  SCV  
  93  6:27  SCV x2, Supply Depot, Marine x3  
  98  6:34  Refinery  
  98  6:35  SCV  
  98  6:36  Armory  
  98  6:39  SCV x2  
  101  6:40  Marine x2  
  101  6:42  Factory Reactor  
  101  6:44  Supply Depot, Marine  
  104  6:47  SCV  
  104  6:51  SCV  
  106  6:54  Factory  
  106  6:55  SCV, Supply Depot, Marine x2  
  106  6:56  Marine x2  
  106  6:59  Marine  
  106  7:00  SCV  
  113  7:01  Medivac  
  113  7:03  Marine x2  
  113  7:05  Marine  
  118  7:09  SCV  
  118  7:11  Missile Turret  
  118  7:12  Marine  
  118  7:13  SCV, Missile Turret x2  
  121  7:16  Medivac  
  121  7:18  SCV  
  121  7:20  Supply Depot  
  121  7:21  SCV  
  125  7:25  Widow Mine x2  
  125  7:26  Marine x2  
  125  7:28  Marine  
  132  7:31  Marine  
  133  7:38  Command Center  
  133  7:40  Terran Infantry Weapons Level 2  
  130  7:48  SCV, Marine x4  
  130  7:50  Widow Mine x2  
  127  7:53  Drilling Claws  
  127  7:54  SCV  
  127  7:55  Marine x2  
  130  8:02  Marine  
  131  8:08  Marine x2  
  131  8:09  Marine  
  131  8:10  Widow Mine  
  131  8:11  SCV x2  
  120  8:15  Command Center  
  120  8:16  SCV  
  120  8:18  Marine  
  120  8:19  Missile Turret  
  122  8:22  Marine x2  
  122  8:23  SCV  
  122  8:24  Widow Mine  
  127  8:27  Terran Infantry Armor Level 2  
  127  8:32  SCV, Terran Vehicle And Ship Armor Level 1, Marine  
  129  8:35  SCV x2  
  129  8:36  Widow Mine  
  133  8:41  Medivac  
  133  8:42  Medivac  
  133  8:45  Supply Depot, Marine x2  
  141  8:48  Widow Mine  
  141  8:49  Widow Mine  
  141  8:52  Marine x2  
  145  9:00  Supply Depot  
  145  9:02  Command Center  
  145  9:04  Marine x3  
  145  9:09  Widow Mine  
  152  9:10  Widow Mine  
  152  9:15  Marine x2  
  152  9:17  Medivac, Widow Mine  
  156  9:26  Barracks  
  156  9:27  Barracks  
  156  9:28  Barracks  
  156  9:30  Marine  
  156  9:35  Marine x2  
  161  9:38  Marine  
  161  9:40  Siege Tank  
  161  9:42  Marine  
  161  9:45  SCV  
  160  9:47  Factory Tech Lab  
  160  9:48  SCV x2  
  160  9:49  Marine x2  
  160  9:50  Marine x2, Sensor Tower  
  166  9:55  Factory  
  166  9:57  SCV  
  166  9:58  Sensor Tower  
  166  9:59  Marine  
  168  10:00  SCV x2, Marine  
  171  10:09  SCV  
  171  10:11  Siege Tank  
  171  10:13  Siege Tank  
  87  10:14  Medivac x2  
  174  10:16  Orbital Command  
  174  10:18  Marine  
  174  10:19  Marine  
  174  10:20  Marine  
  181  10:26  Marine x2  
  180  10:28  Planetary Fortress  
  180  10:31  Marine  
  180  10:32  Marine  
  182  10:40  Marine x2  
  183  10:43  Siege Tank  
  183  10:44  Medivac x2  
  183  10:46  Marine  
  183  10:49  Marine  
  189  10:53  Command Center, Barracks Tech Lab  
  189  10:54  Barracks Tech Lab x2  
  188  10:59  Terran Infantry Armor Level 3  
  188  11:13  Supply Depot, Command Center  
  188  11:14  Medivac, Siege Tank  
  193  11:22  Terran Infantry Weapons Level 3  
  193  11:23  Marine x2  
  195  11:27  Supply Depot  
  195  11:34  Marine x2, Siege Tank  
  200  12:01  Command Center  
  199  12:03  Command Center  
  199  12:04  Command Center  
  173  12:09  Siege Tank x2  
  173  12:10  Marauder, Marine x4  
  173  12:11  Marauder x2  
  173  12:14  Medivac  
  160  12:17  Marine x3  
  160  12:18  Marauder  
  160  12:19  SCV  
  147  12:24  Medivac, Marine  
  147  12:26  Factory Tech Lab  
  147  12:28  Marine  
  149  12:30  Orbital Command  
  149  12:31  SCV  
  149  12:32  Marauder, Marine  
  149  12:36  Marauder, Marine  
  152  12:40  SCV x3  
  152  12:41  Siege Tank  
  158  12:44  Siege Tank  
  158  12:48  Orbital Command  
  161  12:53  Planetary Fortress  
  161  12:55  Marine, Siege Tank  
  161  12:56  Marauder x2, Marine x2  
  171  13:01  Marauder x2, Marine x2  
  177  13:13  Marine x2, Siege Tank  
  177  13:15  Ghost Academy  
  177  13:16  Siege Tank  
  189  13:20  Medivac  
  189  13:23  Orbital Command x2  
  189  13:24  Orbital Command  
  189  13:26  Refinery x2  
  189  13:27  Missile Turret, Refinery  
  187  13:39  Command Center  
  187  13:40  Command Center, Refinery  
  187  13:45  Ghost x3  
  190  14:16  Marine x2  
  178  14:17  Marauder  
Show
View Real Time Build Order
Export as new Build Order

SouLeer Zerg 

Build Orders: Hatch First 

Get SALT Encoding   

  12  0:00  Drone  
  13  0:12  Overlord  
  13  0:16  Drone  
  14  0:30  Drone x2  
  16  0:48  Hatchery  
  15  0:50  Drone  
  15  0:54  Drone  
  17  0:57  Drone  
  18  1:08  Extractor  
  17  1:13  Spawning Pool  
  17  1:15  Drone  
  17  1:19  Drone  
  18  1:28  Drone  
  19  1:39  Drone  
  20  1:49  Overlord  
  20  2:00  Queen x2  
  24  2:01  Zergling x4  
  26  2:11  Drone x2  
  28  2:22  Hatchery  
  27  2:26  Drone  
  27  2:30  Drone  
  27  2:33  Drone  
  27  2:35  Drone  
  30  2:40  Queen  
  32  2:45  Overlord  
  32  2:48  Drone  
  33  2:56  Drone  
  34  2:58  Metabolic Boost  
  34  3:02  Drone  
  35  3:06  Queen  
  35  3:07  Drone  
  35  3:11  Drone x2  
  35  3:12  Drone  
  41  3:16  Overlord  
  41  3:19  Drone  
  42  3:22  Drone  
  42  3:25  Overlord  
  43  3:30  Drone  
  44  3:34  Zergling x2  
  44  3:37  Zergling x2  
  44  3:41  Zergling x2  
  47  3:43  Queen  
  47  3:46  Zergling x2  
  47  3:47  Zergling x2, Baneling Nest  
  50  3:50  Drone x3  
  50  3:52  Drone  
  50  3:55  Drone x2  
  56  3:58  Overlord  
  56  4:03  Drone x2  
  56  4:05  Drone  
  56  4:07  Drone  
  60  4:12  Overlord  
  60  4:17  Zergling x2  
  61  4:18  Drone x3  
  61  4:19  Drone  
  61  4:22  Lair  
  65  4:24  Drone x2, Extractor  
  65  4:26  Overlord  
  65  4:29  Drone x2  
  68  4:35  Zergling x2  
  68  4:37  Drone x4  
  73  4:42  Overlord  
  72  4:48  Drone  
  72  4:49  Drone, Extractor  
  72  4:51  Zergling x2  
  74  4:53  Zergling x6  
  74  4:57  Overlord, Drone x2  
  78  5:01  Drone x2  
  78  5:06  Drone x3  
  80  5:11  Evolution Chamber, Queen  
  80  5:13  Evolution Chamber, Drone x2  
  82  5:18  Drone  
  83  5:24  Drone x3  
  83  5:26  Drone x3  
  83  5:28  Extractor x2  
  82  5:35  Zergling x2  
  82  5:36  Zergling x2  
  82  5:37  Centrifical Hooks  
  82  5:38  Zerg Melee Weapons Level 1, Extractor  
  83  5:45  Drone x2  
  83  5:46  Zergling x2  
  83  5:47  Queen x2, Zerg Ground Armor Level 1  
  90  5:50  Zergling x2  
  90  5:55  Zergling x6  
  90  5:56  Zergling x2  
  95  6:00  Zergling x2  
  95  6:03  Baneling x5  
  95  6:04  Zergling x2  
  95  6:07  Zergling x4  
  97  6:11  Zergling x2  
  97  6:12  Hydralisk Den  
  97  6:13  Zergling x2  
  97  6:14  Overlord  
  97  6:15  Overlord  
  99  6:20  Overlord  
  99  6:26  Baneling x6  
  99  6:28  Overlord  
  99  6:31  Hatchery  
  99  6:32  Zergling x6  
  101  6:33  Zergling x4  
  101  6:36  Zergling x4  
  101  6:37  Zergling x4  
  101  6:39  Drone  
  108  6:40  Queen, Hydralisk Den  
  109  6:49  Zergling x4  
  109  6:52  Baneling x10  
  109  6:53  Zergling x2, Baneling  
  112  6:55  Zergling x6  
  112  6:56  Baneling x6  
  112  6:57  Baneling  
  112  6:58  Zergling x2  
  117  7:01  Zergling x4  
  117  7:02  Zergling x4  
  117  7:04  Zergling x2  
  117  7:05  Zergling x2  
  122  7:11  Overlord x2  
  122  7:17  Grooved Spines  
  122  7:18  Baneling  
  122  7:24  Overlord  
  122  7:25  Baneling  
  122  7:27  Hatchery  
  121  7:30  Zergling x18  
  121  7:35  Zergling x8  
  133  7:42  Zergling x6  
  125  7:47  Zergling x2  
  125  7:49  Zerg Melee Weapons Level 2  
  125  7:50  Zerg Ground Armor Level 2  
  119  7:52  Zergling x8  
  119  7:56  Hydralisk x4  
  131  7:59  Baneling x5  
  131  8:02  Hydralisk  
  125  8:07  Zergling x10  
  119  8:18  Hydralisk x3  
  125  8:25  Hydralisk x3  
  131  8:30  Drone  
  131  8:32  Drone x5  
  137  8:36  Muscular Augments  
  137  8:39  Hydralisk  
  137  8:40  Overlord  
  139  8:43  Overlord  
  139  8:49  Overlord  
  139  8:54  Baneling x2  
  139  8:56  Overlord  
  139  9:00  Infestation Pit, Drone  
  139  9:01  Drone x5  
  139  9:02  Drone  
  145  9:05  Overseer  
  145  9:07  Zergling x2  
  145  9:08  Zergling x6  
  149  9:12  Drone x4  
  149  9:15  Hatchery, Drone x2  
  153  9:18  Zergling x6  
  156  9:27  Zergling x8  
  156  9:28  Hatchery  
  156  9:32  Zergling x10  
  156  9:38  Hatchery, Hydralisk x4  
  157  9:39  Hydralisk  
  157  9:43  Hive  
  157  9:45  Baneling x4  
  167  9:48  Zergling x2  
  167  9:49  Extractor  
  167  9:51  Overlord  
  167  9:52  Overlord x2  
  167  9:59  Zergling x2  
  168  10:06  Zerg Missile Weapons Level 1  
  162  10:09  Drone x5  
  162  10:10  Drone x3  
  166  10:14  Drone x4  
  166  10:15  Zergling x2  
  166  10:16  Zergling x12  
  177  10:22  Zergling x2, Spine Crawler x2, Spore Crawler  
  177  10:25  Hatchery  
  177  10:26  Zergling x8  
  178  10:29  Baneling  
  178  10:36  Zergling x12  
  178  10:38  Overlord  
  178  10:40  Drone x2  
  178  10:42  Spore Crawler  
  172  10:43  Baneling x4  
  172  10:49  Drone  
  174  10:50  Drone x4  
  174  10:56  Zergling x10  
  182  11:03  Ultralisk Cavern  
  181  11:04  Zergling x2  
  181  11:05  Zergling x4  
  184  11:11  Adrenal Glands  
  184  11:16  Zergling x14  
  188  11:26  Spore Crawler, Drone x2  
  188  11:32  Zergling x10  
  194  11:35  Drone x2  
  196  11:42  Baneling x12  
  196  11:45  Spore Crawler  
  194  11:48  Overseer  
  194  11:50  Zergling x8  
  194  11:53  Overlord  
  193  11:54  Zergling x2  
  193  11:55  Zergling x10  
  189  12:02  Zergling x10  
  189  12:07  Zergling x4  
  189  12:08  Zergling x2  
  158  12:09  Zergling x4  
  158  12:12  Zergling x2  
  137  12:16  Zergling x2  
  137  12:20  Overseer, Drone x2  
  124  12:24  Ultralisk x4  
  148  12:31  Ultralisk  
  154  12:40  Viper x2  
  154  12:42  Baneling x2  
  154  12:43  Baneling x11  
  160  12:48  Zergling x8  
  164  12:51  Baneling x2  
  164  12:52  Baneling x6  
  164  12:53  Baneling  
  164  12:55  Zergling x4  
  164  12:57  Zergling x2  
  164  12:58  Zergling x2  
  168  13:03  Zergling x2  
  168  13:04  Zergling x10  
  174  13:07  Zergling x6  
  174  13:12  Zergling x8  
  181  13:16  Zergling x2  
  181  13:17  Zergling x6  
  181  13:19  Baneling  
  185  13:20  Baneling x5  
  185  13:21  Baneling x2  
  185  13:22  Zergling x2  
  186  13:28  Zergling x2  
  186  13:29  Zergling x8  
  186  13:31  Overlord  
  186  13:33  Overseer  
  186  13:34  Overseer x2  
  191  13:37  Zergling x4  
  191  13:38  Baneling  
  191  13:39  Baneling x4  
  193  13:44  Zergling x10  
  193  13:48  Baneling x7  
  198  13:57  Overseer x3  
  179  14:11  Zergling x14  
  179  14:12  Zergling x22  
  165  14:17  Zergling x14  
  165  14:21  Zergling x6  
Tags
 
Add a new tag
Caveats
  • Supply blocks, unpowered buildings, or Contaminate may cause inaccurate times.
  • Supply counts are checked every 10 seconds.